 Dungeon Crawl Stone Soup version 0.22-a0-373-gab1296c (webtiles) character file.

268 Amnesiac the Shield-Bearer (level 6, -8/41 HPs)
             Began as a Mummy Wizard on Apr 25, 2018.
             Was an Initiate of Kikubaaqudgha.
             Mangled by VDreamerV's ghost (14 damage)
             ... on level 4 of the Dungeon.
             The game lasted 00:08:14 (4449 turns).

Amnesiac the Shield-Bearer (Mummy Wizard)           Turns: 4449, Time: 00:08:15

Health: -8/41      AC:  4    Str: 11    XL:     6   Next: 1%
Magic:  1/12       EV: 12    Int: 19    God:    Kikubaaqudgha [......]
Gold:   194        SH:  4    Dex: 10    Spells: 2/13 levels left

rFire    x . .     SeeInvis +   k - +2 trident (venom)
rCold    + . .     Gourm    .   d - +0 buckler
rNeg     + + +     Faith    .   a - +0 robe
rPois    ∞         Spirit   .   b - +0 hat
rElec    .         Reflect  .   i - +1 cloak
rCorr    .         Harm     .   (no gloves)
MR       .....                  (no boots)
Stlth    ++........             (no amulet)
HPRegen  0.13/turn              f - ring of see invisible
MPRegen  0.13/turn              (no ring)

@: very slightly contaminated
A: no food or potions, fire vulnerability, cold resistance 1, negative energy
resistance 3, torment resistance, unbreathing
a: Renounce Religion


You were on level 4 of the Dungeon.
You worshipped Kikubaaqudgha.
Kikubaaqudgha was noncommittal.
You were not hungry.

You visited 1 branch of the dungeon, and saw 4 of its levels.

You collected 194 gold pieces.

Inventory:

Hand Weapons
 k - a +2 trident of venom (weapon)
Armour
 a - a +0 robe (worn)
 b - a +0 hat (worn)
 d - a +0 buckler (worn)
 i - a +1 cloak (worn)
Jewellery
 f - a ring of see invisible (left hand)
Wands
 j - a wand of flame (23)
Scrolls
 c - a scroll of teleportation {!r}
 g - a scroll of fear {!r}
 h - 2 scrolls of remove curse {!r}
 l - a scroll of amnesia {!r, unknown}
 m - a scroll of enchant armour {!r}


   Skills:
 - Level 0.3 Fighting
 - Level 1.8 Dodging
 - Level 1.5 Stealth
 - Level 4.5 Shields
 - Level 4.0 Spellcasting
 - Level 0.7 Conjurations
 - Level 0.7 Summonings
 + Level 1.2 Necromancy
 - Level 0.7 Translocations


You had 2 spell levels left.
You knew the following spells:

 Your Spells              Type           Power        Failure   Level  Hunger
a - Magic Dart            Conj           #...         11%         1    N/A
b - Call Imp              Summ           #.......     16%         2    N/A
e - Mephitic Cloud        Conj/Pois/Air  #.......     36%         3    N/A
s - Conjure Flame         Conj/Fire      #.......     34%         3    N/A
v - Blink                 Tloc           N/A          16%         2    N/A

Dungeon Overview and Level Annotations

Branches:
Dungeon (4/15)
 Temple: D:4-7

Altars:
Kikubaaqudgha
Ru
Vehumet

Annotations:
D:2 Natasha
D:4 VDreamerV's ghost, amateur FoFi


Innate Abilities, Weirdness & Mutations

You do not eat or drink.
Your flesh is vulnerable to fire.
You are immune to poison.
Your flesh is cold resistant. (rC+)
You are immune to negative energy. (rN+++)
You are immune to unholy pain and torment.
You can survive without breathing.


Message History

You reach to attack!
You hit VDreamerV's ghost.
VDreamerV's ghost is lightly damaged.
What are your orders? t - Shout!
Orders for allies: a - Attack new target. p - Attack previous target. r - Retreat! s - Stop attacking. g - Guard the area. f - Follow me.
Anything else - Cancel.
Gang up on whom?
Press: ? - help, Dir - move target cursor, f/p - VDreamerV's ghost
Aim: VDreamerV's ghost (lightly damaged) Attack!
VDreamerV's ghost hits you!
Attack whom?
Press: ? - help, Dir - move target cursor, f/p - VDreamerV's ghost
Aim: VDreamerV's ghost (lightly damaged)
You hit VDreamerV's ghost but do no damage.
VDreamerV's ghost is lightly damaged.
VDreamerV's ghost barely misses you. VDreamerV's ghost hits you.
Attack whom?
Press: ? - help, Dir - move target cursor, f/p - VDreamerV's ghost
Aim: VDreamerV's ghost (moderately damaged)
You hit VDreamerV's ghost but do no damage.
VDreamerV's ghost is moderately damaged.
VDreamerV's ghost hits you but does no damage.
Attack whom?
Press: ? - help, Dir - move target cursor, f/p - VDreamerV's ghost
Aim: VDreamerV's ghost (moderately damaged)
You hit VDreamerV's ghost.
VDreamerV's ghost is heavily damaged.
VDreamerV's ghost hits you.
* * * LOW HITPOINT WARNING * * *
You block VDreamerV's ghost's attack.
Attack whom?
Press: ? - help, Dir - move target cursor, f/p - VDreamerV's ghost
Aim: VDreamerV's ghost (moderately damaged)
You hit VDreamerV's ghost but do no damage.
VDreamerV's ghost is moderately damaged.
You block VDreamerV's ghost's attack.
Attack whom?
Press: ? - help, Dir - move target cursor, f/p - VDreamerV's ghost
Aim: VDreamerV's ghost (heavily damaged)
You barely miss VDreamerV's ghost.
VDreamerV's ghost is heavily damaged.
VDreamerV's ghost hits you!
* * * LOW HITPOINT WARNING * * *
Your iron imp disappears in a puff of smoke!
VDreamerV's ghost whispers, "Death doesn't hurt.
What you feel is life." VDreamerV's ghost hits you.
* * * LOW HITPOINT WARNING * * *
VDreamerV's ghost says, "Death is your only future!"
Casting: Call Imp (safe; 16% risk of failure)
Confirm with . or Enter, or press ? or * to list all spells.
You miscast Blink.
You are very lightly contaminated with residual magic.
Nothing appears to happen.
VDreamerV's ghost hits you but does no damage.
Casting: Blink (safe; 16% risk of failure)
Confirm with . or Enter, or press ? or * to list all spells.
You miscast Blink.
The air around you crackles with energy!
VDreamerV's ghost closely misses you. VDreamerV's ghost hits you!
You die...
Kikubaaqudgha rasps: "You have failed me!
Welcome... oblivion!"

#.##.# #.
#.##.####.
#.........
####.##...
####.##.##
##....##.#
########.....##.##
#.W...............
#@######......#.##
#.# ##.......#
#####.#####
###...#...
#....(....#
##.#####
#.###.###.# #.#
#.###.# #.#
#..##.# ##+##
#.####.##.#
##...##
#.........#
##.....##


You could see VDreamerV's ghost.

Vanquished Creatures
  A hound (D:4)
  An orc priest (D:3)
  An adder (D:3)
  3 dart slugs
  2 leopard geckos
  6 bats
  2 giant cockroaches
  5 goblins
  11 hobgoblins
  2 jackals (D:1)
  2 frilled lizards
  6 kobolds
  4 rats
46 creatures vanquished.

Vanquished Creatures (collateral kills)
  A hungry ghost (D:3)
  Crazy Yiuf (D:2)
  An orc wizard (D:2)
  A worm (D:2)
  A dart slug (D:1)
  2 orcs (D:3)
  7 jackals
  A kobold (D:3)
15 creatures vanquished.

Grand Total: 61 creatures vanquished

Notes
Turn   | Place    | Note
-------+----------+-------------------------------------------
     0 | D:1      | Amnesiac the Mummy Wizard began the quest for the Orb.
     0 | D:1      | Reached XP level 1. HP: 13/13 MP: 5/5
    20 | D:2      | Found a sacrificial altar of Ru.
    22 | D:2      | Noticed an orc wizard
   282 | D:1      | Reached skill level 1 in Shields
   282 | D:1      | Reached XP level 2. HP: 13/19 MP: 4/7
   314 | D:1      | Learned a level 2 spell: Call Imp
   639 | D:2      | Reached XP level 3. HP: 16/24 MP: 0/8
   644 | D:2      | Learned a level 3 spell: Conjure Flame
   648 | D:2      | Learned a level 3 spell: Mephitic Cloud
   919 | D:2      | Found a runed door.
  1161 | D:2      | Noticed Crazy Yiuf
  1198 | D:2      | Killed Crazy Yiuf
  1513 | D:2      | Noticed Natasha
  2095 | D:3      | Found a radiant altar of Vehumet.
  2305 | D:3      | Reached XP level 4. HP: 30/30 MP: 3/10
  2411 | D:4      | Found an ancient bone altar of Kikubaaqudgha.
  2419 | D:4      | Became a worshipper of Kikubaaqudgha
  3698 | D:3      | Noticed a hungry ghost
  3790 | D:3      | Killed a hungry ghost
  3790 | D:3      | Reached XP level 5. HP: 8/35 MP: 3/11
  3839 | D:3      | Learned a level 2 spell: Blink
  4236 | D:4      | Reached skill level 1 in Necromancy
  4236 | D:4      | Reached XP level 6. HP: 29/41 MP: 12/12
  4348 | D:4      | Noticed VDreamerV's ghost (amateur FoFi)
  4449 | D:4      | Mangled by VDreamerV's ghost

Vault maps used:
D:1:      dpeg_arrival_pits
D:2:      nicolae_ru_great_annihilating_truth, uniq_natasha,
          uniq_crazy_yiuf_cottage
D:3:      cheibrodos_helix_gallery, fiery_altar_vehumet
D:4:      lemuel_doored_altar, nicolae_overflow_crystal_walls,
          nicolae_dithmenos_shadow_blocks, serial_shops, nicolae_shop_crystal,
          first_ration, uniq_sigmund

Skill      XL: |  1  2  3  4  5 |
---------------+----------------+-----
Shields        | 1 3 4 |  4.5
Necromancy     | 1 |  1.2
Fighting       | |  0.3
Dodging        | |  1.8
Stealth        | |  1.5
Spellcasting   | |  4.0
Conjurations   | |  0.7
Summonings     | |  0.7
Translocations | |  0.7

Action                   |  1- 3 |  4- 6 || total
-------------------------+-------+-------++-------
Melee: Unarmed           |    15 |       ||    15
       Trident           |     5 |   116 ||   121
 Cast: Magic Dart        |    39 |       ||    39
       Call Imp          |    20 |     8 ||    28
       Mephitic Cloud    |     1 |       ||     1
       Conjure Flame     |       |     2 ||     2
  Use: Scroll            |     2 |     2 ||     4
 Stab: Sleeping          |       |     5 ||     5
Armor: Robe              |     8 |    25 ||    33
Dodge: Dodged            |    21 |    57 ||    78
Block: Buckler           |       |    24 ||    24

Table legend:
 A = Spawn XP
 B = Non-spawn XP
 C = Spawn XP percentage of total XP
 D = Spawn monster count
 E = Non-spawn monster count
 F = Spawn count percentage of total count
 G = Total turns spent on level
                    A         B        C        D         E        F      G
               +---------+---------+-------+---------+---------+-------+---------
         Total |       0 |     384 |   0.0 |       0 |      61 |   0.0 |  4449
               +---------+---------+-------+---------+---------+-------+---------
           D:1 |       0 |      45 |   0.0 |       0 |      25 |   0.0 |  1080
           D:2 |       0 |      67 |   0.0 |       0 |      16 |   0.0 |  1611
           D:3 |       0 |     230 |   0.0 |       0 |      19 |   0.0 |  1468
           D:4 |       0 |      42 |   0.0 |       0 |       1 |   0.0 |   290
               +---------+---------+-------+---------+---------+-------+---------
